 Seeded DCSS version 0.30-a0-956-gcec3b41aec (webtiles) character file.

Game seed: 13137397067068997422 (custom seed)

455 mistaj the Trooper (level 7, -3/38 HPs)
             Began as a Vine Stalker Fighter on Mar 30, 2023.
             Slain by Duvessa
             ... wielding a +0 short sword
              (14 damage)
             ... on level 4 of the Dungeon.
             The game lasted 00:03:52 (2734 turns).

mistaj the Trooper (Vine Stalker Fighter)           Turns: 2734, Time: 00:03:52

Health: -3/38      AC:  2    Str: 20    XL:     7   Next: 5%
Magic:  0/8        EV:  9    Int: 11    God:
Gold:   173        SH: 10    Dex: 14    Spells: 6/6 levels left

rFire   + + .      SeeInvis .    a - +0 war axe
rCold   + . .      Faith    .    c - +0 buckler
rNeg    . . .      Spirit   +    b - +0 scale mail
rPois   .          Reflect  +    (no helmet)
rElec   +          Rampage  .    (no cloak)
rCorr   .                        (no gloves)
Will    .....                    m - +3 pair of mountain boots {steadfast, rC+} Stlth
                                 o - amulet of reflection
HPRegen 1.06/turn                g - ring of Sif Muna's Inspiration {Wiz *Corrode rElec rF++ Int+3}
MPRegen 0.11/turn                (no ring)

@: corroded
A: fangs 2, regeneration 1, magic shield, antimagic bite, no potion heal 2
a: no special abilities


You were on level 4 of the Dungeon.
You visited 1 branch of the dungeon, and saw 4 of its levels.

You collected 173 gold pieces.

Inventory:

Hand Weapons
 a - a +0 war axe (weapon)
 p - a +1 heavy mace
Armour
 b - a +0 scale mail (worn)
 c - a +0 buckler (worn)
 m - the +3 pair of mountain boots (worn) {steadfast, rC+}
   (You acquired it on level 3 of the Dungeon)

   Steadfast: It prevents involuntary movement, except for blinking,
   teleportation, or banishment.
   rC:        It protects you from cold.
Jewellery
 g - the ring of Sif Muna's Inspiration (left hand) {Wiz *Corrode rElec rF++ Int+3}
   (You acquired it on level 1 of the Dungeon)

   [ring of wizardry]

   It improves your spell success rate.
   Int:       It affects your intelligence (+3).
   rF:        It greatly protects you from fire.
   rElec:     It insulates you from electricity.
   *Corrode:  It may corrode you when you take damage.
 o - an amulet of reflection (around neck)
Scrolls
 e - 7 scrolls of identify {unknown}
 j - a scroll of teleportation {unknown}
 k - 2 scrolls of magic mapping {unknown}
 l - a scroll of vulnerability {unknown}
 n - a scroll of poison {unknown}
 q - a scroll of acquirement
Potions
 d - 2 potions of might
 f - a potion of cancellation {unknown}
 h - 4 potions of curing {unknown}
 i - 3 potions of mutation {unknown}


   Skills:
 + Level 4.6 Fighting
 + Level 4.1 Axes
 - Level 2.4 Armour
 + Level 4.5 Shields


You had 6 spell levels left.
You didn't know any spells.
Your spell library contained the following spells:

 Spells                   Type           Power      Damage    Failure   Level
 Freeze                   Ice            0%         1d3       45%         1
 Frozen Ramparts          Ice            0%         1d1       80%         3
 Hailstorm                Conj/Ice       0%         3d3       80%         3
 Yara's Violent Unravell  Hex/Tmut       0%         3d3       100%        5
 Enfeeble                 Hex            0%         N/A       100%        7
 Chain Lightning          Conj/Air       0%         N/A       100%        9
 Fire Storm               Conj/Fire      0%         5d1       100%        9
 Shatter                  Erth           0%         3d5*      100%        9


Dungeon Overview and Level Annotations

Branches:
Dungeon (4/15)
 Temple: D:4-7

Altars:
Ashenzari
Cheibriados
Gozag
Wu Jian
Zin

Annotations:
D:4 Duvessa, Sigmund


Innate Abilities, Weirdness & Mutations

You have extremely sharp teeth.
Your natural rate of healing is unusually fast.
When hurt, damage is shared between your health and your magic reserves.
Your bite disrupts and absorbs the magic of your enemies.
Potions cannot restore your health.


Message History

Unknown command.
No target in view!
Unknown command.
No target in view!
No target in view!
You start waiting.
An endoplasm comes into view.
The endoplasm quivers.
You slash the endoplasm!
You kill the endoplasm!
Unknown command.
No target in view!
No target in view!
Things that are here:
a +0 dagger; a +0 robe; the elf corpse of Dowan Duvessa, Sister of Dowan comes into view.
She is wielding a +0 short sword.
Duvessa shouts!
Duvessa goes berserk!
Duvessa rages.
You block Duvessa's attack. Duvessa hits you with a +0 short sword.
You completely miss Duvessa. Your bite misses Duvessa.
Duvessa hits you with a +0 short sword! Duvessa hits you with a +0 short sword.
Your corrosive artefact corrodes you!
You hit Duvessa. You bite Duvessa, but do no damage.
Duvessa is lightly wounded.
Duvessa closely misses you. You block Duvessa's attack.
You hit Duvessa but do no damage. You bite Duvessa, but do no damage.
Duvessa is lightly wounded.
Duvessa hits you with a +0 short sword.
Your corrosive artefact corrodes you!
Duvessa hits you with a +0 short sword!
Unknown command.
You are too injured to fight recklessly!
Unknown command.
You are too injured to fight recklessly!
You hit Duvessa but do no damage. Your bite misses Duvessa.
Duvessa is lightly wounded.
Duvessa hits you with a +0 short sword!
* * * LOW HITPOINT WARNING * * *
Duvessa hits you with a +0 short sword!
You die...

#...##.....#..8...####...#..
#...##....###..........#.#..
#.....)...#.#..8..#.##.#.###
######....#_'.....#....#.# #
####.#.#..8..#....#.# #
#.###.....#.#..#.###
#..#..8...#†#.......
##.e......#.#..#.###
##@........#......
#.......###....(.# #.......#
#....... ...####.# #..#.##.
..... .# #..#.# . .....## #
#..#.# ....... ....####
.....


You could see Duvessa (berserk).

Vanquished Creatures
  An ogre (D:4)
  Blork the orc (D:4)
  A bullfrog (D:4)
  Dowan (D:4)
  A jelly (D:4)
  Terence (D:3)
  An orc wizard (D:3)
  3 adders
  2 worms
  5 dart slugs
  7 orcs (D:3)
  6 endoplasms
  6 giant cockroaches
  6 goblins
  7 hobgoblins
  A quokka (D:1)
  5 ball pythons
  6 bats
  A frilled lizard (D:2)
  11 kobolds
  3 rats (D:2)
76 creatures vanquished.

Vanquished Creatures (others)
  2 demonic plants (D:3)
2 creatures vanquished.

Grand Total: 78 creatures vanquished

Notes
Turn   | Place    | Note
-------+----------+-------------------------------------------
     0 | D:1      | mistaj the Vine Stalker Fighter began the quest for the
                  | Orb.
     0 | D:1      | Reached XP level 1. HP: 11/11 MP: 2/2
    93 | D:1      | Reached XP level 2. HP: 15/16 MP: 3/3
   332 | D:1      | Identified a scroll of acquirement
   332 | D:1      | Acquired the ring of Sif Muna's Inspiration {Wiz *Corrode
                  | rElec rF++ Int+3}
   507 | D:1      | Reached XP level 3. HP: 20/20 MP: 4/4
   694 | D:2      | Found Xexamnid's Weapon Shoppe.
   939 | D:2      | Gained mutation: Your natural rate of healing is unusually
                  | fast. [Vine Stalker growth]
   939 | D:2      | Reached XP level 4. HP: 24/24 MP: 5/5
  1122 | D:3      | Acquired the +3 pair of mountain boots {steadfast, rC+}
  1122 | D:3      | Found the +3 pair of mountain boots {steadfast, rC+}
  1237 | D:3      | Found a faded altar of an unknown god.
  1301 | D:3      | Found an ornate altar of the Wu Jian Council.
  1695 | D:3      | Reached XP level 5. HP: 26/29 MP: 6/6
  1866 | D:3      | Noticed Terence
  1875 | D:3      | Killed Terence
  1949 | D:3      | Found a broken altar of Ashenzari.
  2314 | D:4      | Noticed an ogre
  2321 | D:4      | Killed an ogre
  2322 | D:4      | Reached XP level 6. HP: 28/33 MP: 7/7
  2374 | D:4      | Found an opulent altar of Gozag.
  2442 | D:4      | Noticed Blork the orc
  2455 | D:4      | Killed Blork the orc
  2484 | D:4      | Found a snail-covered altar of Cheibriados.
  2673 | D:4      | Found a glowing silver altar of Zin.
  2678 | D:4      | Noticed Dowan
  2679 | D:4      | Noticed Sigmund
  2701 | D:4      | Killed Dowan
  2702 | D:4      | Reached XP level 7. HP: 38/38 MP: 8/8
  2727 | D:4      | Noticed Duvessa
  2734 | D:4      | Slain by Duvessa

Illustrated notes

Levels and vault maps discovered:
D:1:      dpeg_arrival_long_road, layout_basic
D:2:      layout_rooms, serial_shops, nicolae_shop_bloodbath_and_beyond
D:3:      layout_loops_corners, lemuel_round_altar,
          mainiacjoe_overflow_alcove_4, shapermc_ecumenical_altar_gd,
          minmay_misc_feat_roman, uniq_terence
D:4:      cheibrodos_old_hovel, layout_basic, kennysheep_mini,
          nicolae_gozag_cash_rules_everything_around_me, zin_statuary,
          uniq_eustachio, uniq_duvessa, uniq_blork_the_orc, uniq_sigmund

Skill      XL: |  1  2  3  4  5  6 |
---------------+-------------------+-----
Axes           | 2 3 4 |  4.1
Fighting       | 3 4 |  4.6
Shields        | 3 4 |  4.5
Armour         | |  2.4

Action                     |  1- 3 |  4- 6 |  7- 9 || total
---------------------------+-------+-------+-------++-------
  Melee: War axe           |    97 |   134 |     7 ||   238
         Bite              |    27 |    32 |     4 ||    63
    Use: Scroll            |     1 |     1 |       ||     2
 Armour: Scale mail        |    41 |    62 |     1 ||   104
  Dodge: Dodged            |    51 |    45 |     1 ||    97
  Block: Buckler           |    22 |    47 |     3 ||    72
         Reflection        |       |     2 |     1 ||     3

Table legend: (Time is in decaauts)
 A = Elapsed time spent in this place.
 B = Non-inter-level travel time spent in this place.
 C = Inter-level travel time spent in this place.
 D = Time resting spent in this place.
 E = Time spent auto-exploring this place.
 F = Levels seen in this place.
 G = Mean time per level.
                   A        B        C        D        E       F      G
               +--------+--------+--------+--------+--------+-----+--------+
         Total |   2828 |   2756 |     72 |    146 |   1938 |   4 |  707.0 |
       Dungeon |   2828 |   2756 |     72 |    146 |   1938 |   4 |  707.0 |
               +--------+--------+--------+--------+--------+-----+--------+

Top non-repeatable levels by time:
     D:3: 1187 daAuts
     D:1: 712 daAuts
     D:4: 491 daAuts
     D:2: 437 daAuts
